 Dungeon Crawl Stone Soup version 0.23-a0-677-g07611c5723 (webtiles) character file.

127 Morbidden the Skirmisher (level 5, -1/28 HPs)
             Began as a Vine Stalker Fighter on Jan 10, 2019.
             Slain by Sigmund
             ... wielding a +0 scythe
              (7 damage)
             ... on level 2 of the Dungeon.
             The game lasted 00:03:39 (1806 turns).

Morbidden the Skirmisher (Vine Stalker Fighter)     Turns: 1806, Time: 00:03:40

Health: -1/28      AC: 10    Str: 19    XL:     5   Next: 11%
Magic:  0/8        EV:  5    Int:  8    God:
Gold:   56         SH:  9    Dex: 14    Spells: 6/6 levels left

rFire    . . .     SeeInvis .   a - +0 long sword
rCold    . . .     Gourm    .   c - +0 shield
rNeg     . . .     Faith    .   e - +0 chain mail
rPois    .         Spirit   +   (no helmet)
rElec    .         Reflect  .   (no cloak)
rCorr    .         Harm     .   i - +0 pair of gloves
MR       .....                  (no boots)
Stlth    ..........             b - amulet of the acrobat
HPRegen  0.49/turn              (no ring)
MPRegen  0.11/turn              (no ring)

@: no status effects
A: fangs 2, regeneration 1, magic shield, antimagic bite, no potion heal 3, rot
immunity
a: no special abilities


You were on level 2 of the Dungeon.
You were not hungry.

You visited 1 branch of the dungeon, and saw 2 of its levels.

You collected 56 gold pieces.

Inventory:

Hand Weapons
 a - a +0 long sword (weapon)
 q - a +2 dagger of speed
Armour
 c - a +0 shield (worn)
 e - a +0 chain mail (worn)
 i - a +0 pair of gloves (worn)
Jewellery
 b - an amulet of the acrobat (around neck)
Scrolls
 g - a scroll of random uselessness {unknown}
 h - 3 scrolls of identify {unknown}
 j - a scroll of amnesia {unknown}
 k - a scroll of blinking {unknown}
 m - 3 scrolls of remove curse {unknown}
 o - 3 scrolls of fear {unknown}
Potions
 d - 3 potions of might
 l - a potion of agility {unknown}
 n - 2 potions of heal wounds {unknown}
 p - 2 potions of flight {unknown}
Comestibles
 f - 4 rations


   Skills:
 * Level 3.3 Fighting
 + Level 2.6 Long Blades
 + Level 3.1 Armour
 + Level 0.1 Dodging
 + Level 3.2 Shields
 * Level 1.4 Spellcasting


You had 6 spell levels left.
You didn't know any spells.
Your spell library was empty.

Dungeon Overview and Level Annotations

Branches:
Dungeon (2/15)

Altars:
Ashenzari
Gozag

Annotations:
D:2 Sigmund


Innate Abilities, Weirdness & Mutations

You have extremely sharp teeth.
Your natural rate of healing is unusually fast.
When hurt, damage is shared between your health and your magic reserves.
Your bite disrupts and absorbs the magic of your enemies.
Potions cannot restore your health.
You are immune to rotting.


Message History

Unknown command.
You closely miss something.
Sigmund appears from thin air!
Reactivating autopickup.
Sigmund barely misses you.
Unknown command.
You slash Sigmund!
Sigmund is moderately wounded.
You feel less confused. Sigmund barely misses you.
Unknown command.
Your chain mail prevents you from hitting Sigmund.
You bite Sigmund, but do no damage.
Sigmund is moderately wounded.
Sigmund hits you with a +0 scythe.
* * * LOW HITPOINT WARNING * * *
Unknown command.
You hit Sigmund.
Sigmund is moderately wounded.
Sigmund hits you with a +0 scythe!
You die...

#.#..##.## #......# #.#
#.#..##.#####.#...###########.#
#.#..##.##.....)).............#
#.#........##.##.##############
#.##.##.#####.##.#
#.##.##.#####.##.#
#....##.......##.#
################)# #@#
#######@## #........#
#.#####..###### #.).........
#.#†..###### #......#
##.#.##.#...## ......$.....#


You could see Sigmund.

Vanquished Creatures
  An iguana (D:2)
  3 gnolls (D:2)
  An adder (D:2)
  A worm (D:2)
  A leopard gecko (D:2)
  2 giant cockroaches (D:2)
  7 hobgoblins
  12 jackals
  3 kobolds
  A quokka (D:2)
  3 bats
  2 frilled lizards (D:2)
  10 goblins
  6 rats
53 creatures vanquished.

Notes
Turn   | Place    | Note
-------+----------+-------------------------------------------
     0 | D:1      | Morbidden the Vine Stalker Fighter began the quest for the
                  | Orb.
     0 | D:1      | Reached XP level 1. HP: 11/11 MP: 2/2
   312 | D:1      | Reached XP level 2. HP: 16/16 MP: 3/3
   701 | D:1      | Reached XP level 3. HP: 20/20 MP: 4/4
  1118 | D:2      | HP: 1/20 [iguana (5)]
  1209 | D:2      | Gained mutation: Your natural rate of healing is unusually
                  | fast. [Vine Stalker growth]
  1209 | D:2      | Reached XP level 4. HP: 3/24 MP: 1/6
  1282 | D:2      | Reached skill level 1 in Spellcasting
  1453 | D:2      | Found an opulent altar of Gozag.
  1453 | D:2      | Found a shattered altar of Ashenzari.
  1589 | D:2      | Found a faded altar of an unknown god.
  1758 | D:2      | Reached XP level 5. HP: 14/28 MP: 6/8
  1772 | D:2      | Noticed Sigmund
  1806 | D:2      | Slain by Sigmund

Vault maps used:
D:1:      beargit_arrival_greenhouse, serial_park_tiny_pond
D:2:      gammafunk_temple_overflow_wave, chequers_ecumenical_altar_simple,
          kennysheep_pointless_box, hangedman_decor_slide_cut, uniq_sigmund

Skill      XL: |  1  2  3  4 |
---------------+-------------+-----
Fighting       | 3 |  3.3
Shields        | 3 |  3.2
Long Blades    | 2 |  2.6
Spellcasting   | 1 |  1.4
Armour         | 3 |  3.1
Dodging        | |  0.1

Action                   |  1- 3 |  4- 6 || total
-------------------------+-------+-------++-------
Melee: Long sword        |    96 |    89 ||   185
       Bite              |    24 |    22 ||    46
  Eat: Chunk             |       |     3 ||     3
Armor: Chain mail        |    53 |    35 ||    88
Dodge: Dodged            |    23 |    26 ||    49
Block: Shield            |    40 |    39 ||    79
       Rpst.: Long sword |     9 |     7 ||    16

Table legend:
 A = Non-vault XP
 B = Vault XP
 C = Vault XP percentage of total XP
 D = Non-vault monster count
 E = Vault monster count
 F = Vault count percentage of total count
                 A         B        C        D         E       F
            +---------+---------+-------+---------+---------+-------
      Total |     182 |       0 |   0.0 |      53 |       0 |   0.0
            +---------+---------+-------+---------+---------+-------
        D:1 |      37 |       0 |   0.0 |      21 |       0 |   0.0
        D:2 |     145 |       0 |   0.0 |      32 |       0 |   0.0
            +---------+---------+-------+---------+---------+-------
